 Dungeon Crawl Stone Soup version 0.28-a0-447-g1f95980246 (webtiles) character file.

Game seed: 9293002255233808531

13410 avis the Martial Artist (level 12, -32/208 HPs)
             Began as a Naga Transmuter on Sept 12, 2021.
             Was an Initiate of Gozag.
             Annihilated by a reaper (41 damage)
             ... in an ice cave.
             The game lasted 01:41:20 (12668 turns).

avis the Martial Artist (Naga Transmuter)          Turns: 12668, Time: 01:41:22

Health: -32/208    AC: 12    Str: 12    XL:     12   Next: 5%
Magic:  18/18      EV: 11    Int: 19    God:    Gozag
Gold:   200        SH:  0    Dex: 12    Spells: 4/19 levels left

rFire   . . .      SeeInvis +     - Unarmed
rCold   + + +      Faith    .   (shield currently unavailable)
rNeg    . . .      Spirit   .   (armour currently unavailable)
rPois   +          Reflect  .   (helmet currently unavailable)
rElec   +          Harm     .   (cloak currently unavailable)
rCorr   +          Rampage  .   (gloves currently unavailable)
Will    +....                   (no barding)
Stlth   ..........              y - amulet of regeneration
HPRegen 1.44/turn               l - ring of resist corrosion
MPRegen 0.16/turn               w - +4 ring of protection

@: mighty, berserking, ice-form, resistant, very quick
A: freezing attack, amphibious, boosted hp, AC +4, large, see invisible,
(deformed body), (poison resistance), (slowness 2), spit poison 1, (naga tail 1)
a: Spit Poison, End Transformation, Renounce Religion, Potion Petition, Call
Merchant, Bribe Branch


You were in an ice cave.
You worshipped Gozag.
Gozag was aware of your devotion.
You were a creature of crystalline ice.
You visited 3 branches of the dungeon, and saw 11 of its levels.
You also visited: Sewer and Ice Cave.

You collected 1559 gold pieces.
You spent 384 gold pieces at shops.
You paid 975 gold pieces to Gozag.

Inventory:

Hand Weapons
 a - a +3 quarterstaff of chaos
 b - a +1 hunting sling
 i - a +0 rapier of freezing
 U - a +0 short sword of freezing
 W - a +0 hand crossbow
Missiles
 h - 2 atropa-tipped darts
 j - 59 sling bullets
 r - 9 curare-tipped darts
 A - 35 poisoned darts
 D - 479 stones (quivered)
 J - 31 arrows
 M - a throwing net
 V - 38 bolts
Armour
 k - a +0 pair of gloves (melded)
 L - a +0 cloak (melded)
 N - a +0 robe (melded)
 Y - a +0 buckler of cold resistance (melded)
Jewellery
 l - a ring of resist corrosion (left front paw)
 w - a +4 ring of protection (right front paw)
 y - an amulet of regeneration (around neck)
 F - a ring of fire
Wands
 c - a wand of polymorph (18)
 z - a wand of acid (16)
 C - a wand of paralysis (8)
 K - a wand of flame (24)
 O - a wand of mindburst (9)
 P - a wand of iceblast (16)
Scrolls
 d - 3 scrolls of enchant weapon
 e - 2 scrolls of fear
 f - 5 scrolls of teleportation
 m - a scroll of brand weapon {unknown}
 o - 2 scrolls of silence
 p - 4 scrolls of noise
 q - a scroll of blinking {unknown}
 B - a scroll of amnesia
 E - a scroll of vulnerability {unknown}
 G - a scroll of enchant armour {unknown}
 Q - a scroll of fog
 R - 3 scrolls of identify
 X - a scroll of summoning {unknown}
Potions
 n - 3 potions of haste
 s - 3 potions of flight
 t - 2 potions of heal wounds
 u - 4 potions of curing
 v - 4 potions of invisibility
 x - 2 potions of magic
 H - 3 potions of might
 I - a potion of brilliance {unknown}
 S - a potion of berserk rage {unknown}
 T - a potion of ambrosia {unknown}


   Skills:
 - Level 10.0 Fighting
 - Level 5.0 Dodging
 - Level 4.0 Stealth
 - Level 4.0 Shields
 - Level 11.0 Unarmed Combat
 - Level 4.0 Spellcasting
 * Level 7.5 Transmutations
 - Level 4.0 Ice Magic
 - Level 3.0 Poison Magic


You had 4 spell levels left.
You knew the following spells:

 Your Spells              Type           Power      Damage    Failure   Level
f - Frozen Ramparts       Ice            38%        1d5       8%          3
p - Spider Form           Tmut/Pois      11%        N/A       4%          3
q - Ice Form              Ice/Tmut       25%        N/A       13%         4
B - Blade Hands           Tmut           16%        N/A       17%         5

Your spell library contained the following spells:

 Spells                   Type           Power      Damage    Failure   Level
 Beastly Appendage        Tmut           64%        N/A       1%          1
 Wereblood                Tmut           32%        N/A       1%          2
 Ignite Poison            Fire/Tmut/Pois 17%        N/A       10%         3
 Animate Skeleton         Necr           6%         N/A       14%         1
 Apportation              Tloc           6%         N/A       14%         1
 Shock                    Conj/Air       12%        1d3       14%         1
 Summon Small Mammal      Summ           12%        N/A       14%         1
 Mephitic Cloud           Conj/Pois/Air  7%         N/A       26%         3
 Call Canine Familiar     Summ           3%         N/A       38%         3
 Portal Projectile        Hex/Tloc       6%         N/A       38%         3
 Summon Guardian Golem    Hex/Summ       3%         N/A       38%         3
 Swiftness                Air            3%         N/A       38%         3
 Summon Ice Beast         Ice/Summ       11%        N/A       52%         4
 Airstrike                Air            1%         N/A       80%         4
 Freezing Cloud           Conj/Ice/Air   4%         6-21      92%         5
 Excruciating Wounds      Necr           1%         N/A       98%         5


Dungeon Overview and Level Annotations

Branches:
Dungeon (9/15)             Temple (1/1) D:7            Lair (1/6) D:9
  Sewer (visited)           IceCv (1/1)
    Orc: D:9-12

Altars:
Ashenzari
Cheibriados
Dithmenos
Elyvilon
Fedhas
Gozag
Hepliaklqana
Kikubaaqudgha
Makhleb
Nemelex Xobeh
Okawaru
Qazlal
Ru
Sif Muna
Trog
Uskayaw
Vehumet
Xom
Yredelemnul
Zin
The Shining One

Shops:
D:1 :   D:2 (   D:5 :

Annotations:
D:3 swim to back of keep.
D:7 1 runed translucent door


Innate Abilities, Weirdness & Mutations

You are a creature of crystalline ice.
You have a powerful freezing melee attack.
You are amphibious.
Your maximum health is increased.
Your armour is entirely melded.
You are incapable of wielding weapons or throwing items.
((Your serpentine skin is tough. (AC +4)))
You have supernaturally acute eyesight. (SInv)
((Armour fits poorly on your strangely shaped body.))
((Your system is resistant to poisons. (rPois)))
((You cover ground very slowly.))
You can spit poison.
((You have a snake-like lower body.))


Message History

Okay, then. [a] - 351 gold - heal wounds and magic [b] - 260 gold - heal wounds and berserk rage [c] - 224 gold - heal wounds and curing Purchase which effect?
You no longer have enough gold to petition Gozag for potion effects.
You feel much better.
A red film seems to cover your vision as you go berserk!
You feel yourself moving faster!
You feel mighty!
The reaper hits you with a +1 scythe of freezing.
You punch the reaper!
The reaper is moderately wounded.
You punch the reaper!
The reaper is heavily wounded.
The reaper hits you with a +1 scythe of freezing!
* * * LOW HITPOINT WARNING * * *
The reaper freezes you.
* * * LOW HITPOINT WARNING * * *
You hit the reaper but do no damage.
The reaper is heavily wounded.
You punch the reaper!
The reaper is severely wounded.
The reaper hits you with a +1 scythe of freezing!!!
* * * LOW HITPOINT WARNING * * *
The reaper freezes you.
* * * LOW HITPOINT WARNING * * *
You hit the reaper.
The reaper is severely wounded.
The polar bear simulacrum bites you but does no damage.
The polar bear simulacrum claws you but does no damage.
The polar bear simulacrum completely misses you.
You pummel the reaper!!
The reaper is almost dead.
The ice devil hits you.
* * * LOW HITPOINT WARNING * * *
The ice devil freezes you. You resist.
* * * LOW HITPOINT WARNING * * *
The reaper hits you with a +1 scythe of freezing!!!
You die...
Your body crumbles into a pile of gold.

.........###.§§# ##.
.......####..○######§.°
...#.### ###§..§○°§§4#
..##### ###§..§☼.§.°
...##≈####°☼..##°☼☼§.
.#.≈≈≈°#§§§§○##.§####
##≈≈○#.....#☼.......#
.######....###.$4...##
..## #......##§YZ...#
...# ##.§☼.§○§52#......
...# ##...###..#..###.
..## ##### ...# ...
..## ....# .... ...##
.##... Z### ∩...# ##
.... ## ....# ##.#
∩..##


You could see a reaper, an ice devil, a polar bear simulacrum and an ufetubus.

Vanquished Creatures
  3 hydras (Lair:1)
  2 ice statues (IceCv)
  3 cane toads (Lair:1)
  A kobold demonologist (D:9)
  4 komodo dragons
  A freezing wraith (IceCv)
  5 ice devils (IceCv)
  4 blink frogs (Lair:1)
  A vampire (D:9)
  5 wyverns
  5 yaks (D:9)
  2 steam dragons (D:9)
  A death yak simulacrum (IceCv)
  2 water moccasins
  3 orc warriors
  2 hornet zombies
  3 sky beasts
  A necrophage (D:3)
  A black bear (D:5)
  4 ogres
  3 centaurs
  6 kobold brigands
  5 bullfrogs
  2 two-headed ogre simulacra (IceCv)
  A wyvern zombie (D:6)
  A water moccasin zombie (D:5)
  A cane toad simulacrum (IceCv)
  5 wights
  7 killer bees
  2 electric eels (Lair:1)
  A centaur zombie (D:5)
  2 orc priests
  3 jellies
  Crazy Yiuf (D:5)
  A centaur skeleton (D:5)
  5 hounds
  4 iguanas
  3 orc wizards
  A polar bear simulacrum (IceCv)
  A troll simulacrum (IceCv)
  A spriggan simulacrum (IceCv)
  2 wolf simulacra (IceCv)
  A killer bee zombie (D:7)
  20 gnolls
  4 adders
  A naga simulacrum (IceCv)
  A shadow imp (D:5)
  16 white imps
  2 ufetubi
  An adder skeleton (D:4)
  3 worms (D:2)
  4 dart slugs
  15 orcs
  6 endoplasms
  8 giant cockroaches
  7 hobgoblins
  4 jackals
  55 kobolds
  5 quokkas
  6 ball pythons
  2 bats
  5 frilled lizards
  12 goblins
  7 rats
296 creatures vanquished.

Vanquished Creatures (others)
  4 fungi (Lair:1)
  2 plants
6 creatures vanquished.

Grand Total: 302 creatures vanquished

Notes
Turn   | Place    | Note
-------+----------+-------------------------------------------
     0 | D:1      | avis the Naga Transmuter began the quest for the Orb.
     0 | D:1      | Reached XP level 1. HP: 18/18 MP: 3/3
   142 | D:1      | Reached XP level 2. HP: 16/26 MP: 3/5
   169 | D:1      | Reached skill level 1 in Stealth
   570 | D:1      | Reached skill level 1 in Poison Magic
   679 | D:1      | Found Muludon's Book Boutique.
   756 | D:1      | Reached XP level 3. HP: 32/32 MP: 4/6
   871 | D:1      | Learned a level 3 spell: Spider Form
  1352 | D:2      | Found Ydaifa's Antique Weapon Boutique.
  2125 | D:2      | Reached XP level 4. HP: 16/40 MP: 4/7
  3053 | D:3      | Found a glowing drain.
  3062 | Sewer    | Entered a sewer
  3206 | Sewer    | Noticed a kobold brigand
  3224 | Sewer    | Killed a kobold brigand
  3225 | Sewer    | Reached XP level 5. HP: 39/50 MP: 5/8
  3370 | Sewer    | Found a white marble altar of Elyvilon.
  3419 | Sewer    | Learned a level 4 spell: Ice Form
  4706 | D:3      | Noticed a kobold brigand
  4706 | D:3      | Noticed a kobold brigand
  4724 | D:3      | Killed a kobold brigand
  4725 | D:3      | Reached skill level 4 in Unarmed Combat
  4725 | D:3      | Reached XP level 6. HP: 42/57 MP: 4/9
  5016 | D:3      | Reached skill level 5 in Fighting
  5016 | D:3      | Reached XP level 7. HP: 65/67 MP: 8/10
  5481 | D:3      | Reached skill level 5 in Unarmed Combat
  6285 | D:4      | Found a shadowy altar of Dithmenos.
  6549 | D:4      | Upgraded the game from 0.28-a0-429-g1448048969 to
                  | 0.28-a0-447-g1f95980246
  6569 | D:5      | Entered Level 5 of the Dungeon
  6569 | D:5      | Found Ugipt's Book Shop.
  6833 | D:5      | Reached XP level 8. HP: 74/74 MP: 9/12
  6911 | D:5      | Found a bloodstained altar of Trog.
  7136 | D:5      | Found a runed translucent door.
  7138 | D:5      | Noticed Crazy Yiuf
  7148 | D:5      | Killed Crazy Yiuf
  7471 | D:5      | Reached skill level 6 in Unarmed Combat
  7471 | D:5      | Reached skill level 1 in Ice Magic
  8280 | D:6      | Reached XP level 9. HP: 47/82 MP: 9/14
  8708 | D:7      | Found a staircase to the Ecumenical Temple.
  8721 | Temple   | Entered the Ecumenical Temple
  8752 | Temple   | Became a worshipper of Gozag Ym Sagoz the Greedy
  9203 | D:7      | Reached skill level 7 in Unarmed Combat
  9345 | D:7      | Found a runed translucent door.
  9345 | D:7      | Noticed a sixfirhy
  9510 | D:5      | Bought a book of Weapons for 384 gold pieces
  9516 | D:5      | Learned a level 5 spell: Blade Hands
  9520 | D:5      | Learned a level 3 spell: Frozen Ramparts
  9595 | D:8      | Found a shimmering blue altar of Sif Muna.
  9595 | D:8      | Found a snail-covered altar of Cheibriados.
  9595 | D:8      | Found a blossoming altar of Fedhas.
  9595 | D:8      | Found a hazy altar of Hepliaklqana.
  9909 | D:8      | Reached skill level 5 in Dodging
 10244 | D:8      | Reached skill level 1 in Shields
 10727 | D:9      | Reached XP level 10. HP: 87/94 MP: 16/16
 11225 | D:9      | Noticed a kobold demonologist
 11236 | D:9      | Killed a kobold demonologist
 11240 | D:9      | Reached skill level 8 in Unarmed Combat
 11355 | D:9      | Found a staircase to the Lair.
 11573 | D:9      | Reached skill level 9 in Unarmed Combat
 11760 | Lair:1   | Entered Level 1 of the Lair of Beasts
 11776 | Lair:1   | Reached skill level 5 in Transmutations
 11782 | Lair:1   | Noticed an eight-headed hydra
 11795 | Lair:1   | Killed an eight-headed hydra
 11796 | Lair:1   | Reached XP level 11. HP: 57/106 MP: 17/17
 12046 | Lair:1   | Reached skill level 10 in Fighting
 12046 | Lair:1   | Noticed a six-headed hydra
 12046 | Lair:1   | Noticed an eight-headed hydra
 12065 | Lair:1   | Killed a six-headed hydra
 12068 | Lair:1   | Killed an eight-headed hydra
 12069 | Lair:1   | Reached skill level 10 in Unarmed Combat
 12174 | Lair:1   | Found a frozen archway.
 12214 | IceCv    | Entered an ice cave
 12500 | IceCv    | Reached skill level 11 in Unarmed Combat
 12500 | IceCv    | Reached XP level 12. HP: 107/116 MP: 13/18
 12649 | IceCv    | Noticed a reaper
 12668 | IceCv    | HP: 9/208 [ice devil (2)]
 12668 | IceCv    | Annihilated by a reaper

Illustrated notes

Levels and vault maps discovered:
D:1:      elethiomel_arrival_quiet, layout_loops_cross, serial_shops,
          shop_fountains, serial_bayou_lake_a
D:2:      layout_loops_ring, serial_shops, shop_statue, minmay_pentomino_r4
D:3:      minmay_goblin_kobold_castle, layout_basic, portal_sewer_entry_d
D:4:      layout_cave_pools, minmay_ruined_shrine
D:5:      layout_basic, trog_hazing_becter, serial_shops, nicolae_stop_n_shop_2,
          uniq_crazy_yiuf_cottage
D:6:      layout_loops_cross
D:7:      cheibrodos_shockbox, layout_cave_pools,
          minmay_temple_entry_statues_fountains
D:8:      layout_gridville, chequers_temple_overflow_statue_of_worship,
          kennysheep_nub
D:9:      kennysheep_ambush_hall, layout_rooms, erik_lair_dragon
Temple:   eino_temple_scatter_basement
Lair:1:   layout_cave_pods, portal_ice_cave_entry_imps, dpeg_stationary_puzzle,
          uniq_erica
IceCv:    ice_cave_small_demon

Skill      XL: |  1  2  3  4  5  6  7  8  9 10 11 |
---------------+----------------------------------+-----
Fighting       | 2 3 4 5 6 7 9 10 | 10.0
Stealth        | 2 3 4 |  4.0
Poison Magic   | 1 3 |  3.0
Dodging        | 2 3 5 |  5.0
Unarmed Combat | 4 5 6 7 9 11 | 11.0
Spellcasting   | 3 4 |  4.0
Transmutations | 3 4 5 7 |  7.5
Ice Magic      | 4 |  4.0
Shields        | 2 4 |  4.0

Action                   |  1- 3 |  4- 6 |  7- 9 | 10-12 || total
-------------------------+-------+-------+-------+-------++-------
Melee: Unarmed           |    56 |    94 |   332 |   309 ||   791
       Headbutt          |     3 |     4 |     4 |       ||    11
       Short sword       |    20 |    43 |    13 |       ||    76
       Quarterstaff      |       |       |    35 |       ||    35
Throw: Stone             |     1 |       |       |       ||     1
 Cast: Beastly Appendage |    10 |     7 |     7 |       ||    24
       Spider Form       |    13 |    24 |    59 |       ||    96
       Ice Form          |       |       |    15 |    25 ||    40
Invok: Potion Petition   |       |       |       |     2 ||     2
 Abil: Spit Poison       |    27 |    28 |    18 |       ||    73
       End Transformatio |       |       |     1 |       ||     1
  Use: Scroll            |       |       |     6 |     8 ||    14
 Stab: Sleeping          |       |     6 |     5 |     2 ||    13
       Distracted        |       |       |     1 |       ||     1
Armor: Robe              |     3 |    15 |    28 |     2 ||    48
       Skin              |     2 |    12 |    62 |   120 ||   196
Dodge: Dodged            |    44 |    85 |   294 |   177 ||   600

Table legend: (Time is in decaauts)
 A = Elapsed time spent in this place.
 B = Non-inter-level travel time spent in this place.
 C = Inter-level travel time spent in this place.
 D = Time resting spent in this place.
 E = Time spent auto-exploring this place.
 F = Levels seen in this place.
 G = Mean time per level.
                   A        B        C        D        E       F      G
               +--------+--------+--------+--------+--------+-----+--------+
         Total |  15095 |  13935 |   1160 |   2543 |   6112 |  13 | 1161.2 |
       Dungeon |  13491 |  12358 |   1133 |   2210 |   5894 |   9 | 1499.0 |
        Temple |    278 |    252 |     26 |      0 |    196 |   1 |  278.0 |
          Lair |    393 |    393 |      0 |     45 |     21 |   1 |  393.0 |
         Sewer |    469 |    469 |      0 |    177 |      0 |   1 |  469.0 |
      Ice Cave |    463 |    463 |      0 |    111 |      0 |   1 |  463.0 |
               +--------+--------+--------+--------+--------+-----+--------+

Top non-repeatable levels by time:
     D:3: 2959 daAuts
     D:2: 1889 daAuts
     D:1: 1710 daAuts
     D:5: 1506 daAuts
     D:8: 1254 daAuts
     D:9: 1217 daAuts
     D:6: 1149 daAuts
     D:4: 976 daAuts
     D:7: 828 daAuts
   Sewer: 469 daAuts
   IceCv: 463 daAuts
  Lair:1: 393 daAuts
  Temple: 278 daAuts
